 Dungeon Crawl Stone Soup version 0.22-a0-388-g09e6169 (webtiles) character file.

130 Mgcat the Insei (level 5, -1/33 HPs)
             Began as an Octopode Transmuter on Apr 29, 2018.
             Slain by a goblin
             ... wielding a +0 club
             ... led by Robin
              (4 damage)
             ... on level 2 of the Dungeon.
             The game lasted 00:03:24 (1736 turns).

Mgcat the Insei (Octopode Transmuter)               Turns: 1736, Time: 00:03:24

Health: -1/33      AC:  1    Str:  9    XL:     5   Next: 14%
Magic:  8/8        EV: 13    Int: 17    God:
Gold:   83         SH:  0    Dex: 12    Spells: 2/8 levels left

rFire    . . .     SeeInvis .     - Unarmed
rCold    . . .     Gourm    .   (no shield)
rNeg     . . .     Faith    .   (helmet restricted)
rPois    .         Spirit   .   (no amulet)
rElec    .         Reflect  .   (no ring)
rCorr    .         Harm     .   (no ring)
MR       .....                  (no ring)
Stlth    ++........             (no ring)
HPRegen  0.11/turn              (no ring)
MPRegen  0.11/turn              (no ring)
                                (no ring)
                                (no ring)

@: appendage (expiring)
A: almost no armour, stealthy swim, amphibious, 8 rings, constrict 8, tentacle
spike 3, camouflage 1, gelatinous body 1
a: End Transformation


You were on level 2 of the Dungeon.
You were not hungry.
One of your tentacles had a temporary spike.
You visited 1 branch of the dungeon, and saw 2 of its levels.

You collected 83 gold pieces.

Inventory:

Missiles
 a - 16 arrows
 h - 2 throwing nets {=f, !d}
Scrolls
 e - a scroll of enchant weapon {unknown}
 f - a scroll of enchant armour {unknown}
Potions
 b - a potion of brilliance {unknown}
 d - a potion of cancellation {unknown}
Comestibles
 c - 3 rations
 g - 12 chunks of flesh {@w0}


   Skills:
 - Level 1.0 Fighting
 - Level 2.0 Dodging
 + Level 4.2 Unarmed Combat
 - Level 2.0 Spellcasting
 + Level 3.5 Transmutations
 + Level 2.2 Poison Magic


You had 2 spell levels left.
You knew the following spells:

 Your Spells              Type           Power        Failure   Level  Hunger
a - Beastly Appendage     Tmut           ##....       4%          1    #......
b - Sticks to Snakes      Tmut           ##......     7%          2    ###....
c - Spider Form           Tmut/Pois      ##........   17%         3    ###....


Dungeon Overview and Level Annotations

Branches:
Dungeon (2/15)

Altars:


Innate Abilities, Weirdness & Mutations

You cannot wear most types of armour.
You are very stealthy in the water. (Stealth+)
You are amphibious.
You can wear up to eight rings at the same time.
You can use your tentacles to constrict eight enemies at once.
Your skin changes colour to match your surroundings (Stealth+).
Your rubbery body absorbs attacks. (AC +1, EV +1)
One of your tentacles bears a large vicious spike.


Message History

You butcher the dart slug corpse.
g - 9 chunks of flesh {@w0} (gained 1)
You butcher the dart slug corpse.
g - 10 chunks of flesh {@w0} (gained 1)
h - 2 throwing nets {=f, !d} (gained 1)
You butcher the adder corpse.
g - 12 chunks of flesh {@w0} (gained 2)
Found a stone staircase leading up.
You now have 83 gold pieces (gained 11).
Things that are here:
a spear; a gnoll corpse You butcher the gnoll corpse.
g - 16 chunks of flesh {@w0} (gained 4)
You see here a spear. x2
You open the door.
There is an open door here.
There is an open door here.
Found a stone staircase leading up.
Some of the chunks of flesh in your inventory have rotted away. 3 goblins come into view.
The goblin shouts! x2; You hear a shout! x3; The goblin shouts!
Casting: Beastly Appendage (safe; 4% risk of failure)
Confirm with . or Enter, or press ? or * to list all spells.
One of your tentacles grows a vicious spike.
The goblin closely misses you.
Robin of the Strong Arm comes into view.
She is wielding a dagger.
Robin throws the goblin at you! The goblin completely misses you.
You closely miss the goblin. Your grab misses the goblin.
You kill the goblin!
The goblin hits you. Robin throws the goblin at you!
The goblin closely misses you.
You barely miss the goblin. You grab the goblin.
You pierce the goblin.
The goblin is moderately wounded.
You constrict the goblin, but do no damage.
The goblin closely misses you.
Robin roars a battlecry!
The goblins go into a battle-frenzy!
The goblin misses you.
You barely miss the goblin.
The goblin is moderately wounded.
You constrict the goblin. The goblin hits you.
A goblin comes into view. It is wielding a dagger.
You tentacle-slap the goblin.
You kill the goblin!
The goblin hits you.
You are too injured to fight recklessly!
You are too injured to fight recklessly!
You are too injured to fight recklessly!
You tentacle-slap the goblin.
You kill the goblin!
You have reached level 5!
You feel clever.
Unknown command.
The goblin misses you.
You tentacle-slap the goblin.
You kill the goblin!
You closely miss the goblin. Your grab misses the goblin.
Your tentacle spike misses the goblin.
The goblin completely misses you.
You barely miss the goblin. Your grab misses the goblin.
Robin throws the goblin at you! The goblin hits you but does no damage.
You barely miss the goblin. Your grab misses the goblin.
You tentacle-slap the goblin.
You kill the goblin!
You closely miss Robin. Your grab misses Robin. Robin closely misses you.
A goblin comes into view. It is wielding a club.
You completely miss Robin. You grab Robin.
You pierce Robin, but do no damage.
You constrict Robin, but do no damage. Robin throws the goblin at you!
The goblin hits you with a club.
A goblin comes into view. It is wielding a dagger.
The goblin shouts!
You tentacle-slap Robin.
You pierce Robin.
Robin is moderately wounded.
You constrict Robin, but do no damage.
Robin roars a battlecry!
The goblins go into a battle-frenzy!
The goblin misses you.
You tentacle-slap Robin.
Robin is heavily wounded.
You constrict Robin. Robin hits you with a dagger.
The goblin hits you with a club.
* * * LOW HITPOINT WARNING * * *
You tentacle-slap Robin but do no damage.
Robin is severely wounded.
Your transformation is almost over.
You constrict Robin. The goblin completely misses you.
You tentacle-slap Robin but do no damage.
You pierce Robin, but do no damage.
Robin is severely wounded.
You constrict Robin. Robin hits you with a dagger.
* * * LOW HITPOINT WARNING * * *
The goblin hits you with a club.
* * * LOW HITPOINT WARNING * * *
You tentacle-slap Robin.
You kill Robin!
You tentacle-slap the goblin.
You kill the goblin!
The goblin closely misses you.
You barely miss the goblin. Your grab misses the goblin.
Your squeeze misses the goblin. The goblin hits you with a club.
You die...

#>.. #.## #.# #.#
# #.# #.####
####### #.# #g.).#
#.....# #.#
#)####.....# #.#
#@#........# #.##
#g#........# #..)
#.#....########)##
#.#....# #......
#.#....#####.....#
#.#.<.............
#.######..........
#.# #..'..........
#.# #.##..........


You could see a goblin.

Vanquished Creatures
  Robin (D:2)
  4 gnolls (D:2)
  An adder (D:2)
  3 worms (D:2)
  2 dart slugs (D:2)
  2 leopard geckos
  A ball python (D:1)
  5 bats
  12 goblins
  6 hobgoblins
  6 jackals
  5 kobolds
  5 frilled lizards
  2 rats (D:1)
55 creatures vanquished.

Notes
Turn   | Place    | Note
-------+----------+-------------------------------------------
     0 | D:1      | Mgcat the Octopode Transmuter began the quest for the Orb.
     0 | D:1      | Reached XP level 1. HP: 13/13 MP: 3/3
   265 | D:1      | Reached XP level 2. HP: 14/18 MP: 5/5
   269 | D:1      | Learned a level 2 spell: Sticks to Snakes
   337 | D:1      | HP: 4/18 [hobgoblin/club (1)]
   791 | D:1      | Reached XP level 3. HP: 19/23 MP: 4/6
   805 | D:1      | Learned a level 3 spell: Spider Form
  1112 | D:2      | Reached skill level 3 in Transmutations
  1183 | D:2      | Reached skill level 1 in Poison Magic
  1189 | D:2      | HP: 3/23 [jackal (3)]
  1454 | D:2      | Reached XP level 4. HP: 21/28 MP: 5/7
  1518 | D:2      | Reached skill level 4 in Unarmed Combat
  1574 | D:2      | Reached skill level 2 in Poison Magic
  1716 | D:2      | Noticed Robin
  1722 | D:2      | Reached XP level 5. HP: 22/33 MP: 6/8
  1731 | D:2      | HP: 7/33 [goblin/club[Robin] (4)]
  1733 | D:2      | HP: 2/33 [goblin/club[Robin] (4)]
  1734 | D:2      | Killed Robin
  1736 | D:2      | Slain by a goblin

Vault maps used:
D:1:      dpeg_cavernosity
D:2:      minmay_tripent, uniq_robin

Skill      XL: |  1  2  3  4 |
---------------+-------------+-----
Transmutations | 3 |  3.5
Poison Magic   | 1 2 |  2.2
Unarmed Combat | 4 |  4.2
Fighting       | |  1.0
Dodging        | |  2.0
Spellcasting   | |  2.0

Action                   |  1- 3 |  4- 6 || total
-------------------------+-------+-------++-------
Melee: Unarmed           |   108 |    41 ||   149
       Constrict         |    31 |     9 ||    40
       Kick              |    16 |    16 ||    32
       Tentacles         |     7 |     5 ||    12
       Punch             |     1 |     2 ||     3
 Cast: Beastly Appendage |    16 |     3 ||    19
 Stab: Sleeping          |     3 |       ||     3
  Eat: Chunk             |     2 |     1 ||     3
Armor: Skin              |    14 |     1 ||    15
Dodge: Dodged            |    71 |    24 ||    95

Table legend:
 A = Spawn XP
 B = Non-spawn XP
 C = Spawn XP percentage of total XP
 D = Spawn monster count
 E = Non-spawn monster count
 F = Spawn count percentage of total count
 G = Total turns spent on level
                    A         B        C        D         E        F      G
               +---------+---------+-------+---------+---------+-------+---------
         Total |       0 |     187 |   0.0 |       0 |      55 |   0.0 |  1736
               +---------+---------+-------+---------+---------+-------+---------
           D:1 |       0 |      45 |   0.0 |       0 |      26 |   0.0 |  1046
           D:2 |       0 |     142 |   0.0 |       0 |      29 |   0.0 |   690
               +---------+---------+-------+---------+---------+-------+---------

Vault maps used:
D:1:      dpeg_cavernosity
D:2:      minmay_tripent, uniq_robin

Table legend:
 A = Turns spent in this place as a percentage of turns spent in the entire game.
 B = Non-inter-level travel turns spent in this place as a percentage of non-inter-level travel turns spent in the entire game.
 C = Inter-level travel turns spent in this place as a percentage of turns spent in this place.
 D = Turns resting spent in this place as a percentage of non-inter-level travel turns spent in this place.
 E = Turns spent auto-exploring this place as a percentage of non-inter-level travel turns spent in this place.
 F = Non-inter-level travel turns spent in this place divided by the number of levels of this place that you've seen.
                   A       B       C       D       E      F
               +-------+-------+-------+-------+-------+----------------------
         Total | 100.0 | 100.0 |   0.6 |   0.0 |  82.4 | 862.5
       Dungeon | 100.0 | 100.0 |   0.6 |   0.0 |  82.4 | 862.5
               +-------+-------+-------+-------+-------+----------------------

Table legend:
 A = Kills in this place as a percentage of kills in entire the game.
 B = Kills by you in this place as a percentage of kills by you in the entire game.
 C = Kills by friends in this place as a percentage of kills by friends in the entire game.
 D = Other kills in this place as a percentage of other kills in the entire game.
 E = Experience gained in this place as a percentage of experience gained in the entire game.
 F = Experience gained in this place divided by the number of levels of this place that you have seen.
                   A       B       C       D       E      F
               +-------+-------+-------+-------+-------+----------------------
         Total | 100.0 | 100.0 |   N/A |   N/A | 100.0 |  93.5
       Dungeon | 100.0 | 100.0 |   N/A |   N/A | 100.0 |  93.5
               +-------+-------+-------+-------+-------+----------------------
